 Dungeon Crawl Stone Soup version 0.32-a0-886-g41c5271027 (webtiles) character file.

Game seed: 11805774942259927092

36 Heh the Trooper (level 3, -4/27 HPs)
             Began as an Octopode Chaos Knight on Apr 1, 2024.
             Was a Plaything of Xom.
             Slain by Robin
             ... wielding a +0 mace
              (5 damage)
             ... on level 2 of the Dungeon on Apr 3, 2024.
             The game lasted 00:04:22 (576 turns).

Heh the Trooper (Octopode Chaos Knight)              Turns: 576, Time: 00:04:23

Health: -4/27      AC:  1    Str: 11    XL:     3   Next: 37%
Magic:  3/3        EV: 12    Int: 14    God:    Xom [..*...]
Gold:   27         SH:  0    Dex: 13    Spells: 2/2 levels left

rFire   . . .        a - +0 falchion (chaos)
rCold   . . .        (no shield)
rNeg    . . .        (helmet restricted)
rPois   .            (no amulet)
rElec   .            (no ring)
rCorr   .            (no ring)
SInv    .            (no ring)
Will    .....        (no ring)
Stlth   ++           (no ring)
HPRegen 0.24/turn    (no ring)
MPRegen 0.08/turn    (no ring)
                     (no ring)

%: no passive effects
@: no status effects
A: almost no armour, amphibious, 8 rings, camouflage 1, gelatinous body 1,
(nimble swimmer 1), tentacles
a: Renounce Religion


You were on level 2 of the Dungeon.
You worshipped Xom.
You were a toy of Xom.
You visited 1 branch of the dungeon, and saw 2 of its levels.

You collected 27 gold pieces.

Inventory:

Hand Weapons
 a - a +0 falchion of chaos (weapon)
Scrolls
 b - a scroll of butterflies


   Skills:
 + Level 4.2 Fighting
 - Level 3.0 Long Blades
 - Level 2.4 Dodging


You had 2 spell levels left.
You didn't know any spells.
Your spell library contained the following spells:

 Spells                   Type           Power      Damage    Failure   Level
 Apportation              Tloc           0%         N/A       28%         1
 Jinxbite                 Hex            0%         N/A       41%         2
 Alistair's Intoxication  Alch           0%         N/A       100%        5


Dungeon Overview and Level Annotations

Branches:
Dungeon (2/15)

Altars:

Annotations:
D:2 Robin


Innate Abilities, Weirdness & Mutations

You cannot wear most types of armour.
You are amphibious.
You can wear up to eight rings at the same time.
Your skin changes colour to match your surroundings (Stealth+).
Your rubbery body absorbs attacks. (AC +1, EV +1)
((You are camouflaged when in or above water. (Stealth+)))
You have tentacles for arms and can constrict up to eight enemies at once.


Message History

The goblin attacks as it pursues you! The goblin hits you with a +0 dagger.
The goblin attacks as it pursues you! The goblin hits you with a +0 dagger.
* * * LOW HITPOINT WARNING * * *
You aren't carrying any items that you can evoke.
You aren't carrying any potions.
You aren't carrying any potions.
Unknown command.
You aren't carrying any potions.
You aren't carrying any potions.
As you read the scroll labelled FILA QEETHRAHU, it crumbles to dust.
It is a scroll of identify.
You don't currently have any unidentified items.
The goblin hits you with a +0 dagger.
* * * LOW HITPOINT WARNING * * *
You aren't carrying any items that you can evoke.
Unknown command.
You aren't carrying any items that you can evoke.
You closely miss the goblin. Your grab misses the goblin.
The goblin closely misses you.
Robin roars a battlecry!
You closely miss the goblin. You grab the goblin. You squeeze the goblin.
The goblin is moderately wounded.
You constrict the goblin.
You kill the goblin!
The goblin no longer looks unusually strong.
Robin throws the goblin at you! The goblin hits you with a +0 dagger.
* * * LOW HITPOINT WARNING * * *
You hit the goblin. Your grab misses the goblin. You squeeze the goblin.
You kill the goblin!
The goblin hits you with a +0 dagger.
* * * LOW HITPOINT WARNING * * *
You hit the goblin. You burn the goblin.
You kill the goblin!
You hit Robin.
Robin suddenly seems more resistant.
Xom thinks this is hilarious!
You grab Robin.
Robin is lightly wounded.
You constrict Robin. Robin hits you with a +0 mace.
You die...
Robin says, "And that's why I'm the boss."

.........#
#..##.#..# ..
#..##.#..## ....
##..##.#.g.#.g...
#.g.ggg.g........
#wg..w.gg...g....
#g#######.##.....
#g# #.# .... #@#
..# ##. #)# ###
#.# #.# #.# ...
.#. . .


You could see a ribbon worm, Robin (resistant), 2 hobgoblins and a goblin
(strong).

Vanquished Creatures
  3 ball pythons (D:1)
  2 endoplasms (D:1)
  6 goblins
  3 hobgoblins (D:1)
  5 jackals (D:1)
  3 kobolds (D:1)
  3 quokkas (D:1)
  2 bats (D:1)
  A frilled lizard (D:1)
  3 rats (D:1)
31 creatures vanquished.

Notes
Turn   | Place    | Note
-------+----------+-------------------------------------------
     0 | D:1      | Heh the Octopode Chaos Knight began the quest for the Orb.
     0 | D:1      | Reached XP level 1. HP: 16/16 MP: 1/1
    44 | D:1      | Upgraded the game from 0.32-a0-876-gcfddb08e57 to
                  | 0.32-a0-886-g41c5271027
    95 | D:1      | Reached XP level 2. HP: 21/21 MP: 2/2
   372 | D:1      | Reached skill level 4 in Fighting
   372 | D:1      | Reached XP level 3. HP: 27/27 MP: 3/3
   372 | D:1      | XOM: divination: magic mapping
   557 | D:2      | Noticed Robin
   559 | D:2      | XOM: silly message
   574 | D:2      | HP: 1/27 [goblin/+0 dagger[Robin] (2)]
   576 | D:2      | Slain by Robin

Illustrated notes

Levels and vault maps discovered:
D:1:      roderic_chinese_lattice_arrival, layout_loops_ring
D:2:      layout_loops_ring, minmay_misc_feat_secret_circle,
          minmay_small_reverse_x, uniq_jessica, uniq_robin

Skill      XL: |  1  2 |
---------------+-------+-----
Fighting       | 4 |  4.2
Long Blades    | |  3.0
Dodging        | |  2.4

Action                     || total
---------------------------++-------
  Melee: Falchion          ||    49
         Constrict         ||    13
         Tentacles         ||     8
    Use: Scroll            ||     1
   Stab: Sleeping          ||     3
 Armour: Skin              ||    24
  Dodge: Dodged            ||    30

Table legend: (Time is in decaauts)
 A = Elapsed time spent in this place.
 B = Non-inter-level travel time spent in this place.
 C = Inter-level travel time spent in this place.
 D = Time resting spent in this place.
 E = Time spent auto-exploring this place.
 F = Levels seen in this place.
 G = Mean time per level.
                   A        B        C        D        E       F      G
               +--------+--------+--------+--------+--------+-----+--------+
         Total |    582 |    538 |     44 |      0 |    395 |   2 |  291.0 |
       Dungeon |    582 |    538 |     44 |      0 |    395 |   2 |  291.0 |
               +--------+--------+--------+--------+--------+-----+--------+

Top non-repeatable levels by time:
     D:1: 563 daAuts
     D:2: 19 daAuts
